 Dungeon Crawl Stone Soup version 0.31-a0-161-gb58dd9be76 (webtiles) character file.

Game seed: 2849426978171123129

116362 Serulin the Warrior (level 16, -18/108 HPs)
             Began as a Gargoyle Fighter on June 13, 2023.
             Was the Champion of Qazlal.
             Killed from afar by a deep elf knight (29 damage)
             ... with a shard of ice
             ... on level 2 of the Elven Halls.
             The game lasted 01:30:42 (22967 turns).

Serulin the Warrior (Gargoyle Fighter)             Turns: 22967, Time: 01:30:42

Health: -18/108    AC: 46    Str: 32    XL:     16   Next: 71%
Magic:  23/23      EV: 15    Int: 13    God:    Qazlal [******]
Gold:   656        SH: 20    Dex:  9    Spells: 15/15 levels left

rFire   + . .        S - +4 demon whip (protect)
rCold   . . .        c - +0 buckler
rNeg    + + .        O - +0 plate armour {rF+}
rPois   ∞            I - +0 helmet
rElec   +            b - +0 cloak
rCorr   .            q - +1 pair of gloves {hurl}
SInv    .            l - +0 pair of boots
Will    +....        Y - amulet of reflection Stlth
                     e - +5 ring of evasion
HPRegen 0.38/turn    y - ring "Qishreorr" {rN+ Str+6 Int+2 Slay+3 Stlth+}
MPRegen 0.18/turn

%: repel missiles, reflection
@: protected from physical damage, under a protective aura, flying
A: sickness immunity, AC +12, big wings, negative energy resistance 1,
electricity resistance, torment resistance 1, petrification resistance
a: Renounce Religion, Upheaval, Elemental Force, Disaster Area


You were on level 2 of the Elven Halls.
You worshipped Qazlal.
Qazlal was exalted by your worship.
You visited 4 branches of the dungeon, and saw 20 of its levels.
You also visited: Sewer.

You collected 2311 gold pieces.
You spent 1655 gold pieces at shops.

Inventory:

Hand Weapons
 S - a +4 demon whip of protection (weapon)
Missiles
 L - 3 throwing nets
 N - 7 curare-tipped darts
Armour
 b - a +0 cloak (worn)
 c - a +0 buckler (worn)
 l - a +0 pair of boots (worn)
 q - a +1 pair of gloves of hurling (worn)
 I - a +0 helmet (worn)
 O - a +0 plate armour of fire resistance (worn)
Jewellery
 d - a ring of see invisible
 e - a +5 ring of evasion (left hand)
 y - the ring "Qishreorr" (right hand) {rN+ Str+6 Int+2 Slay+3 Stlth+}
   (You bought it in a shop on level 1 of the Orcish Mines)

   [ring of strength]

   Str:       It affects your strength (+6).
   Int:       It affects your intelligence (+2).
   Slay:      It affects your accuracy & damage with ranged weapons and melee
   (+3).
   rN:        It protects you from negative energy.
   Stlth:     It makes you more stealthy.
 G - a ring of protection from cold
 J - a ring of magical power
 T - a ring of resist corrosion
 Y - an amulet of reflection (around neck)
Wands
 o - a wand of digging (10)
 w - a wand of iceblast (20)
 x - a wand of polymorph (6)
 K - a wand of mindburst (17)
 P - a wand of flame (62)
 Z - a wand of light (7)
Scrolls
 a - a scroll of enchant armour
 f - 2 scrolls of immolation
 h - 2 scrolls of blinking
 k - 3 scrolls of silence
 p - a scroll of butterflies
 r - 6 scrolls of fog
 s - 10 scrolls of teleportation
 t - 3 scrolls of identify
 u - 5 scrolls of poison
 F - 3 scrolls of vulnerability
 H - 3 scrolls of fear
 X - 4 scrolls of amnesia
Potions
 g - 2 potions of enlightenment
 i - 5 potions of attraction
 j - 2 potions of lignification
 m - a potion of brilliance
 n - 10 potions of curing
 v - a potion of heal wounds
 z - 2 potions of haste
 C - a potion of magic
 D - 4 potions of resistance
 E - a potion of invisibility
 U - 2 potions of mutation
 W - 2 potions of might
Miscellaneous
 M - a lightning rod (4/4)


   Skills:
 * Level 15.3 Fighting
 * Level 13.9 Maces & Flails
 * Level 15.2 Armour
 + Level 7.6 Dodging
 * Level 15.1 Shields
 + Level 9.7 Invocations


You had 15 spell levels left.
You didn't know any spells.
Your spell library contained the following spells:

 Spells                   Type           Power      Damage    Failure   Level
 Sting                    Tmut/Pois      0%         1d3       85%         1
 Summon Small Mammal      Summ           0%         N/A       85%         1
 Poisonous Vapours        Pois/Air       0%         N/A       94%         2
 Call Canine Familiar     Summ           0%         N/A       99%         3
 Ignite Poison            Fire/Tmut/Pois 0%         N/A       99%         3
 Inner Flame              Hex/Fire       0%         N/A       99%         3
 Summon Guardian Golem    Hex/Summ       0%         N/A       99%         3
 Vhi's Electric Charge    Tloc/Air       0%         N/A       99%         3
 Animate Armour           Summ/Erth      0%         N/A       100%        4
 Leda's Liquefaction      Hex/Erth       0%         N/A       100%        4
 Olgreb's Toxic Radiance  Pois           0%         N/A       100%        4
 Petrify                  Tmut/Erth      0%         N/A       100%        4
 Sticky Flame             Conj/Fire      0%         2d3       100%        4
 Summon Lightning Spire   Summ/Air       0%         N/A       100%        4
 Arcjolt                  Conj/Air       0%         1d10      100%        5
 Blade Hands              Tmut           0%         N/A       100%        5
 Fireball                 Conj/Fire      0%         3d3       100%        5
 Iskenderun's Battlesphe  Conj           0%         2d6       100%        5
 Lee's Rapid Deconstruct  Erth           0%         3d4*      100%        5
 Metabolic Englaciation   Hex/Ice        0%         N/A       100%        5
 Yara's Violent Unravell  Hex/Tmut       0%         3d3       100%        5
 Conjure Ball Lightning   Conj/Air       0%         3x3d6     100%        6
 Leda's Unmaking          Conj/Erth      0%         9d1       100%        6
 Plasma Beam              Fire/Air       0%         2x1d10    100%        6
 Enfeeble                 Hex            0%         N/A       100%        7
 Orb of Destruction       Conj           0%         9d5       100%        7
 Discord                  Hex            0%         N/A       100%        8
 Disjunction              Tloc           0%         N/A       100%        8
 Ignition                 Fire           0%         3d3       100%        8
 Statue Form              Tmut/Erth      Unusable   N/A       N/A         6

Dungeon Overview and Level Annotations

Branches:
Dungeon (11/15)            Temple (0/1) D:6            Lair (5/5) D:11
  Swamp (0/4) Lair:2       Spider (0/4) Lair:3        Slime (0/5) Lair:4
    Orc (2/2) D:9             Elf (2/3) Orc:2         Sewer (visited)

Altars:
Hepliaklqana
Kikubaaqudgha
Qazlal
Ru
Trog
Uskayaw
Vehumet
Zin
The Shining One
Jiyva

Shops:
D:3 *   D:10 ?   Orc:1 =   Orc:2 !*!(   Elf:2 =::

Annotations:
Elf:1 6 runed translucent doors


Innate Abilities, Weirdness & Mutations

You are immune to sickness and miasma.
Your stone body is resilient. (AC +12)
You are immune to poison.
Your large and strong wings let you fly.
You resist negative energy. (rN+)
You are resistant to electric shocks. (rElec)
You are resistant to unholy torment.
You are immune to petrification.


Message History

You block lance of force... and reflect it back!
The +1 battleaxe of electrocution hits you but does no damage.
Something hits you! Something blocks your attack.
You hear some strange, mumbled words.
A shard of ice appears from out of thin air!
You block shard of ice... and reflect it back!
The deep elf pyromancer casts a spell.
You whack something! Something hits you but does no damage.
The +1 battleaxe of electrocution hits you but does no damage.
Something hits you but does no damage. Something blocks your attack.
Something hits you!
You feel more protected from physical attacks.
The deep elf pyromancer gestures wildly while chanting.
The deep elf pyromancer blinks!
The +1 battleaxe of electrocution hits you.
* * * LOW HITPOINT WARNING * * *
You feel more protected from physical attacks.
Okay, then.
As you read the scroll of fog, it crumbles to dust.
The scroll dissolves into smoke.
You hear some strange, mumbled words.
A lance of force appears from out of thin air!
The lance of force hits you!
* * * LOW HITPOINT WARNING * * *
You are knocked back by the lance of force.
You slam into the rock wall!
Something hits you but does no damage. Something hits you.
* * * LOW HITPOINT WARNING * * *
You feel more protected from physical attacks.
The +1 battleaxe of electrocution completely misses you.
You block something's attack.
Okay, then.
Blink to where?
Press: ? - help, Dir - move target
As you read the scroll of blinking, it crumbles to dust.
You hear some strange, mumbled words.
A shard of ice appears from out of thin air!
The shard of ice hits you!!
You die...

)..)))).........<............#..'
)..)'))).#########'########..#..#
)).'''.)..................#..#..#
''+'+'....................#.)#..#
+++++'....................#..#..#
''''''........(...........#..#(.#
........###################..#..#
..................☼..........#..#
................@.○..........#..#
###############'#######'######..#
..○○....§§{°°.§○.................
...§E..e.§(§{§§.○................
..###############################
..# ..# ..# ..#


There were no monsters in sight!

Vanquished Creatures
  Jorgrun (Orc:2)
  2 deep elf blademasters (Elf:2)
  3 deep elf sorcerers (Elf:2)
  2 orc warlords (Orc:2)
  A dire elephant (Lair:5)
  A deep elf annihilator (Elf:1)
  2 deep elf demonologists
  Snorg (Orc:1)
  A deep elf death mage (Elf:2)
  4 deep elf high priests
  2 hydras
  Fannar (D:10)
  5 catoblepae
  3 boulder beetles
  5 two-headed ogres
  12 death yaks
  A death yak (shapeshifter) (Elf:1)
  A tengu warrior (D:11)
  23 dancing weapons
  5 orc high priests
  8 deep elf knights
  2 skysharks
  A phantasmal warrior (Lair:5)
  6 orc knights (Orc:2)
  Pikel (D:4)
  8 deep elf archers
  13 deep elf pyromancers
  12 deep elf zephyrmancers
  A cyclops (D:11)
  8 orc sorcerers
  4 elephants (Lair:5)
  3 manticores
  An ugly thing (D:9)
  Joseph (D:9)
  10 cane toads
  A torpor snail (Lair:1)
  5 black mambas
  10 komodo dragons
  3 rime drakes
  A kobold demonologist (D:10)
  A tengu conjurer (D:11)
  8 trolls
  2 polar bears
  Grinder (D:4)
  17 blink frogs
  Sigmund (D:2)
  12 dream sheep
  A vampire (D:10)
  2 shadows (D:10)
  An air elemental (Elf:1)
  A water elemental (Elf:2)
  5 wyverns
  58 yaks
  A human (Lair:5)
  4 basilisks
  A fire elemental (Elf:1)
  2 steam dragons (D:7)
  A warg (Orc:2)
  Edmund (D:4)
  An acid dragon (D:9)
  7 water moccasins
  47 orc warriors
  3 black bears
  12 ogres (Orc:2)
  3 wolves
  2 phantoms
  4 centaurs
  2 lemures (D:4)
  2 kobold brigands
  A necrophage (Sewer)
  11 bullfrogs
  A scorpion (Lair:2)
  2 earth elementals (Elf:2)
  9 wights
  9 killer bees
  2 howler monkeys (D:8)
  3 electric eels
  6 hounds
  35 orc priests
  A gnoll bouda (D:8)
  15 orc wizards
  4 iguanas (D:5)
  9 gnolls
  7 adders
  2 river rats (D:5)
  5 shadow imps
  2 white imps
  3 ufetubi (Sewer)
  3 dart slugs
  2 worms
  115 orcs
  4 ball pythons
  4 endoplasms
  8 giant cockroaches
  9 goblins
  5 hobgoblins
  10 jackals
  4 quokkas
  6 bats
  A frilled lizard (D:2)
  21 kobolds
  A kobold zombie (Sewer)
  2 rats
700 creatures vanquished.

Vanquished Creatures (others)
  A deep elf knight (Elf:1)
  An orc wizard (Orc:2)
  2 orcs (D:9)
  A hobgoblin (D:4)
5 creatures vanquished.

Grand Total: 705 creatures vanquished

Notes
Turn   | Place    | Note
-------+----------+-------------------------------------------
     0 | D:1      | Serulin the Gargoyle Fighter began the quest for the Orb.
     0 | D:1      | Reached XP level 1. HP: 14/14 MP: 1/1
   157 | D:1      | Reached XP level 2. HP: 19/19 MP: 2/2
   525 | D:1      | Reached XP level 3. HP: 23/23 MP: 3/3
  1119 | D:2      | Noticed Sigmund
  1128 | D:2      | Killed Sigmund
  1129 | D:2      | Reached XP level 4. HP: 13/30 MP: 4/4
  1129 | D:2      | Reached XP level 5. HP: 14/34 MP: 5/5
  1129 | D:2      | Reached XP level 6. HP: 17/39 MP: 6/6
  1911 | D:3      | Found Owuettear's General Store.
  1921 | D:3      | Bought a scroll of teleportation for 39 gold pieces
  1921 | D:3      | Bought a scroll of teleportation for 39 gold pieces
  2080 | D:3      | Found a stormy altar of Qazlal.
  2085 | D:3      | Became a worshipper of Qazlal Stormbringer
  2262 | D:4      | Noticed a black bear
  2274 | D:4      | Killed a black bear
  2275 | D:4      | Reached skill level 5 in Fighting
  2363 | D:4      | Reached skill level 5 in Armour
  2363 | D:4      | Reached skill level 5 in Shields
  2412 | D:4      | Noticed Pikel
  2419 | D:4      | Reached XP level 7. HP: 44/44 MP: 7/7
  2459 | D:4      | Noticed Edmund
  2460 | D:4      | Noticed Grinder
  2462 | D:4      | Paralysed by Grinder for 5 turns
  2479 | D:4      | Killed Edmund
  2487 | D:4      | Killed Grinder
  2545 | D:4      | Killed Pikel
  2546 | D:4      | Reached skill level 5 in Maces & Flails
  2546 | D:4      | Reached XP level 8. HP: 40/51 MP: 5/8
  2825 | D:4      | Found a glowing silver altar of Zin.
  2933 | D:5      | Entered Level 5 of the Dungeon
  3331 | D:5      | Found a glowing drain.
  3352 | D:5      | Reached * piety under Qazlal
  3367 | Sewer    | Entered a sewer
  3502 | Sewer    | Found an ancient bone altar of Kikubaaqudgha.
  3532 | Sewer    | Reached XP level 9. HP: 55/56 MP: 7/9
  4561 | D:6      | Found a staircase to the Ecumenical Temple.
  5320 | D:7      | Reached ** piety under Qazlal
  5467 | D:7      | Found a hazy altar of Hepliaklqana.
  5468 | D:7      | Found a hide-covered altar of Uskayaw.
  5752 | D:7      | Found a sacrificial altar of Ru.
  6638 | D:8      | Noticed a two-headed ogre
  7007 | D:9      | Noticed a cyan ugly thing
  7075 | D:9      | Reached XP level 10. HP: 48/64 MP: 8/10
  7079 | D:9      | Found an ancient bone altar of Kikubaaqudgha.
  7173 | D:9      | Found a bloodstained altar of Trog.
  7307 | D:9      | Reached *** piety under Qazlal
  7330 | D:9      | Found a staircase to the Orcish Mines.
  7384 | D:9      | Killed a cyan ugly thing
  7947 | D:10     | Entered Level 10 of the Dungeon
  8004 | D:10     | Noticed Joseph
  8125 | D:9      | Killed Joseph
  8291 | D:10     | Noticed Fannar
  8309 | D:10     | Killed Fannar
  8310 | D:10     | Reached XP level 11. HP: 51/72 MP: 7/11
  8479 | D:10     | Found a glowing golden altar of the Shining One.
  8524 | D:10     | Reached **** piety under Qazlal
  8644 | D:10     | Found The Oracle's Delphic Readings.
  8648 | D:10     | Bought a scroll of blinking for 105 gold pieces
  8648 | D:10     | Bought a scroll of identify for 28 gold pieces
  8974 | D:8      | Killed a two-headed ogre
  8977 | D:8      | Reached skill level 10 in Fighting
  8991 | D:8      | Reached skill level 10 in Shields
  9014 | D:8      | Reached skill level 10 in Armour
  9413 | D:11     | Noticed a two-headed ogre
  9462 | D:11     | Killed a two-headed ogre
  9512 | D:11     | Noticed a two-headed ogre
  9521 | D:11     | Killed a two-headed ogre
  9783 | D:11     | Noticed a manticore
  9804 | D:11     | Killed a manticore
  9863 | D:11     | Noticed a tengu warrior
  9891 | D:11     | Noticed a boulder beetle
  9938 | D:10     | Killed a boulder beetle
 10046 | D:11     | Found a staircase to the Lair.
 10122 | D:11     | Killed a tengu warrior
 10123 | D:11     | Reached XP level 12. HP: 80/80 MP: 12/12
 10394 | Lair:1   | Entered Level 1 of the Lair of Beasts
 10409 | Lair:1   | Reached skill level 10 in Maces & Flails
 10522 | D:11     | Reached ***** piety under Qazlal
 11555 | Lair:2   | Noticed a catoblepas
 11660 | Lair:2   | Killed a catoblepas
 11661 | Lair:2   | Reached skill level 1 in Invocations
 11744 | Lair:2   | Reached skill level 1 in Dodging
 11794 | Lair:2   | Found a staircase to the Swamp.
 11963 | Lair:2   | Reached XP level 13. HP: 85/86 MP: 14/14
 12745 | Lair:3   | Found a hole to the Spider Nest.
 14352 | Lair:4   | Found a viscous altar of Jiyva.
 14353 | Lair:4   | Found a staircase to the Slime Pits.
 14689 | Lair:5   | Entered Level 5 of the Lair of Beasts
 14689 | Lair:5   | Found a hide-covered altar of Uskayaw.
 14877 | Lair:5   | Noticed a dire elephant
 14884 | Lair:5   | Killed a dire elephant
 14940 | Lair:4   | Reached skill level 5 in Invocations
 15074 | Lair:4   | Gained mutation: Your large and strong wings let you fly.
                  | [Gargoyle growth]
 15074 | Lair:4   | Reached XP level 14. HP: 94/94 MP: 17/17
 15570 | Lair:5   | Reached ****** piety under Qazlal
 15778 | Lair:5   | Found a runed translucent door.
 16339 | Lair:5   | Reached skill level 5 in Dodging
 16808 | Orc:1    | Entered Level 1 of the Orcish Mines
 16916 | Orc:1    | Found Yntarrus's Jewellery Shoppe.
 17036 | Orc:2    | Entered Level 2 of the Orcish Mines
 17047 | Orc:2    | Noticed Jorgrun
 17062 | Orc:2    | Killed Jorgrun
 17763 | Orc:2    | Reached XP level 15. HP: 100/100 MP: 20/20
 17898 | Orc:2    | Noticed an orc warlord
 17968 | Orc:2    | Killed an orc warlord
 18975 | Orc:2    | Found Kaopriuv's Distillery.
 18984 | Orc:2    | Bought a potion of mutation for 112 gold pieces
 18984 | Orc:2    | Bought a potion of berserk rage for 70 gold pieces
 19007 | Orc:2    | Found Ewehigh's General Store.
 19221 | Orc:2    | Found a staircase to the Elven Halls.
 19433 | Orc:2    | Noticed an orc warlord
 19450 | Orc:2    | Killed an orc warlord
 19457 | Orc:2    | Found Zumomn's Distillery.
 19548 | Orc:2    | Found Ummait's Weapon Shop.
 19839 | Orc:2    | Bought a +3 demon whip of draining for 528 gold pieces
 19904 | Orc:1    | Paralysed by an orc sorcerer for 2 turns
 19924 | Orc:1    | Noticed Snorg
 19942 | Orc:1    | Killed Snorg
 20217 | Elf:1    | Entered Level 1 of the Elven Halls
 20315 | Elf:1    | Paralysed by an air elemental for 1 turns
 20442 | Elf:1    | You are sucked into a shaft and drop 1 floor!
 20457 | Elf:2    | Found a runed translucent gate.
 20458 | Elf:2    | Found a runed translucent gate.
 20459 | Elf:2    | Found a runed translucent gate.
 20700 | Elf:2    | Found a huge runed gate.
 20700 | Elf:2    | Found a huge runed gate.
 20700 | Elf:2    | Found a huge runed gate.
 20700 | Elf:2    | Found a huge runed gate.
 20700 | Elf:2    | Found a huge runed gate.
 20700 | Elf:2    | Found a huge runed gate.
 20700 | Elf:2    | Found a huge runed gate.
 20700 | Elf:2    | Found a huge runed gate.
 20700 | Elf:2    | Found a huge runed gate.
 20708 | Elf:2    | Found a huge runed gate.
 20725 | Elf:2    | Found a huge runed gate.
 20725 | Elf:2    | Found a huge runed gate.
 20725 | Elf:2    | Found a huge runed gate.
 20725 | Elf:2    | Found a huge runed gate.
 20725 | Elf:2    | Found a huge runed gate.
 20725 | Elf:2    | Found a huge runed gate.
 20729 | Elf:2    | Found a huge runed gate.
 20775 | Elf:2    | Found a huge runed gate.
 20777 | Elf:2    | Found a huge runed gate.
 20784 | Elf:2    | Found a huge runed gate.
 20784 | Elf:2    | Found a huge runed gate.
 20784 | Elf:2    | Found a huge runed gate.
 20784 | Elf:2    | Found a huge runed gate.
 20784 | Elf:2    | Found a huge runed gate.
 20784 | Elf:2    | Found a huge runed gate.
 20785 | Elf:2    | Found a huge runed gate.
 20786 | Elf:2    | Found a huge runed gate.
 20800 | Elf:2    | Found a huge runed gate.
 20849 | Elf:2    | Reached XP level 16. HP: 87/107 MP: 22/22
 20920 | Elf:2    | Found a radiant altar of Vehumet.
 21526 | Elf:1    | an iron troll changed into a quicksilver dragon
 21526 | Elf:1    | Noticed a quicksilver dragon (glowing shapeshifter)
 21527 | Elf:1    | a quicksilver dragon changed into a fire giant
 21530 | Elf:1    | a stone giant changed into an azure jelly
 21530 | Elf:1    | Noticed an azure jelly (glowing shapeshifter)
 21531 | Elf:1    | an azure jelly changed into a stone giant
 21625 | Elf:1    | Identified the +1 robe of the Hot Ocelot {rC+ Str+7 Int-2}
 21644 | Elf:1    | Reached skill level 15 in Fighting
 21888 | Orc:1    | Bought the ring "Qishreorr" {rN+ Str+6 Int+2 Slay+3 Stlth+}
                  | for 734 gold pieces
 21991 | Elf:1    | Found a runed translucent gate.
 21991 | Elf:1    | Found a runed translucent gate.
 21991 | Elf:1    | Found a runed translucent gate.
 21991 | Elf:1    | Found a runed translucent gate.
 21991 | Elf:1    | Found a runed translucent gate.
 21992 | Elf:1    | Noticed a shadow dragon
 21993 | Elf:1    | Noticed a storm dragon
 21993 | Elf:1    | Found a runed translucent gate.
 22301 | Elf:2    | Found Eliddosa's Jewellery Boutique.
 22301 | Elf:2    | Found Juoxihip's Book Shoppe.
 22303 | Elf:2    | Found Tuusog's Book Shoppe.
 22452 | Elf:2    | Found a huge runed gate.
 22453 | Elf:2    | Found a huge runed gate.
 22454 | Elf:2    | Found a huge runed gate.
 22455 | Elf:2    | Found a huge runed gate.
 22456 | Elf:2    | Found a huge runed gate.
 22457 | Elf:2    | Found a huge runed gate.
 22458 | Elf:2    | Found a huge runed gate.
 22459 | Elf:2    | Found a huge runed gate.
 22581 | Elf:2    | Noticed a deep elf blademaster
 22581 | Elf:2    | Noticed a deep elf blademaster
 22584 | Elf:2    | Reached skill level 15 in Armour
 22591 | Elf:2    | Killed a deep elf blademaster
 22598 | Elf:2    | Reached skill level 15 in Shields
 22606 | Elf:2    | Killed a deep elf blademaster
 22967 | Elf:2    | Killed from afar by a deep elf knight

Illustrated notes

Levels and vault maps discovered:
D:1:      dpeg_arrival_simpleton_c, layout_basic, hangedman_decor_growths
D:2:      layout_basic, kennysheep_generic_room_13, uniq_sigmund
D:3:      layout_rooms, lemuel_doored_altar, serial_shops,
          nicolae_shop_behind_doors
D:4:      layout_basic, kennysheep_mini_moat, uniq_grinder, uniq_pikel,
          uniq_edmund
D:5:      layout_gridville, portal_sewer_entry_c, grunt_decor_junction
D:6:      layout_gridville, minmay_temple_entry_hall
D:7:      layout_basic, nicolae_overflow_squiral, nicolae_ru_awakened_eye
D:8:      layout_rooms
D:9:      layout_cave_pools, kiku_gazebo_pond_becter, trog_three_pillars_becter,
          hiddenorc1_lemuel
D:10:     layout_gridville, mainiacjoe_overflow_catwalk,
          hellmonk_bongcloud_opening, nicolae_nh_oracle_at_delphi, uniq_joseph,
          uniq_fannar
D:11:     layout_basic, erik_lair_island
Lair:1:   layout_regular_city
Lair:2:   layout_regular_city, swamp_mist_pool, chequers_serial_rivers_micro_b
Lair:3:   layout_regular_city, dummy_spider_entry,
          nicolae_lair_grove_arrangements, grunt_megastairs_3,
          infiniplex_staircase_pool
Lair:4:   layout_gridlike, dpeg_slime_entry_enclosed
Lair:5:   evilmike_catoblepas_cave, layout_long_grid, serial_forest,
          infiniplex_forest_zigzag_1, infiniplex_forest_end_2,
          infiniplex_forest_clump_diagonal, infiniplex_forest_lined_corner,
          infiniplex_forest_lined_2, basic_altar, pdpol_lair_cabin_in_the_woods
Orc:1:    layout_caves, basic_altar, serial_shops, nicolae_shop_gaudy_bauble,
          uniq_snorg
Orc:2:    pubby_orc_utopia, uniq_jorgrun
Elf:1:    minmay_elf_arrival_summoners, layout_loops_ring, orc_legates,
          uniq_louise
Elf:2:    nicolae_elf_blades_splatter_lattice [nicolae_blade_lattice],
          layout_onion_city, basic_altar, amethyst_killhole,
          chequers_hall_statues_corner_a, door_vault, minmay_shop_grove

Skill      XL: |  1  2  3  4  5  6  7  8  9 10 11 12 13 14 15 16 |
---------------+-------------------------------------------------+-----
Fighting       | 4 5 6 8 9 11 12 13 14 15 | 15.3
Maces & Flails | 3 5 7 8 9 10 11 12 13 | 13.9
Armour         | 4 5 6 8 9 10 12 13 14 15 | 15.2
Shields        | 4 5 6 8 9 11 12 13 14 15 | 15.1
Invocations    | 2 5 7 8 9 |  9.7
Dodging        | 1 4 5 6 7 |  7.6

Action                     |  1- 3 |  4- 6 |  7- 9 | 10-12 | 13-15 | 16-18 || total
---------------------------+-------+-------+-------+-------+-------+-------++-------
  Melee: Flail             |   146 |   108 |   373 |   578 |  1156 |       ||  2361
         Demon whip        |       |       |       |       |   213 |   216 ||   429
 Invoke: Upheaval          |       |       |       |       |       |     1 ||     1
         Disaster Area     |       |       |       |       |       |     1 ||     1
  Evoke: Wand              |       |       |       |       |     1 |       ||     1
    Use: Scroll            |       |     4 |     8 |     7 |     8 |     6 ||    33
         Potion            |       |       |     2 |     3 |     2 |     1 ||     8
   Stab: Petrified         |       |       |       |       |     6 |       ||     6
 Armour: Scale mail        |   109 |    50 |   121 |       |       |       ||   280
         Skin              |       |       |     3 |       |    13 |       ||    16
         Plate armour      |       |       |    84 |   342 |   375 |   122 ||   923
  Dodge: Dodged            |    75 |    67 |   285 |   379 |   354 |    55 ||  1215
         Repelled          |       |       |       |     4 |     3 |     4 ||    11
  Block: Buckler           |    30 |    16 |   153 |   451 |  1009 |   173 ||  1832
         Reflection        |       |       |       |       |    35 |    23 ||    58

Table legend: (Time is in decaauts)
 A = Elapsed time spent in this place.
 B = Non-inter-level travel time spent in this place.
 C = Inter-level travel time spent in this place.
 D = Time resting spent in this place.
 E = Time spent auto-exploring this place.
 F = Levels seen in this place.
 G = Mean time per level.
                   A        B        C        D        E       F      G
               +--------+--------+--------+--------+--------+-----+--------+
         Total |  22730 |  21703 |   1027 |   2815 |  12831 |  21 | 1082.4 |
       Dungeon |  10318 |   9873 |    445 |   1021 |   5880 |  11 |  938.0 |
          Lair |   6205 |   5971 |    234 |    859 |   3886 |   5 | 1241.0 |
  Orcish Mines |   3474 |   3150 |    324 |    608 |   1640 |   2 | 1737.0 |
   Elven Halls |   2329 |   2306 |     23 |    327 |   1324 |   2 | 1164.5 |
         Sewer |    403 |    403 |      0 |      0 |    101 |   1 |  403.0 |
               +--------+--------+--------+--------+--------+-----+--------+

Top non-repeatable levels by time:
   Orc:2: 3004 daAuts
  Lair:5: 1688 daAuts
   Elf:2: 1420 daAuts
  Lair:3: 1242 daAuts
     D:7: 1230 daAuts
  Lair:1: 1188 daAuts
  Lair:4: 1175 daAuts
     D:9: 1154 daAuts
    D:10: 1103 daAuts
     D:5: 988 daAuts
     D:6: 969 daAuts
     D:8: 933 daAuts
    D:11: 916 daAuts
  Lair:2: 910 daAuts
   Elf:1: 909 daAuts
